 Dungeon Crawl Stone Soup version 0.25.1-1-g288607f5aa (webtiles) character file.

Game seed: 13398116353888835308

476494 Peloso the Minotaur Barricade (level 23, -16/224 HPs)
             Began as a Minotaur Fighter on July 25, 2020.
             Was the Champion of Okawaru.
             Demolished by a titan (22 damage)
             ... on level 4 of the Vaults.
             The game lasted 03:05:26 (58385 turns).

Peloso the Minotaur Barricade (Minotaur Fighter)   Turns: 58385, Time: 03:05:26

Health: -16/224    AC: 39    Str: 30    XL:     23   Next: 63%
Magic:  20/22      EV: 21    Int:  3    God:    Okawaru [******]
Gold:   3451       SH: 36    Dex: 22    Spells: 22/22 levels left

rFire    . . .     SeeInvis +   a - +8 autumn katana {vorpal, Clar}
rCold    . . .     Gourm    .   c - +8 tower shield of Gallantry {Dex+8}
rNeg     + . .     Faith    .   L - +7 shadow dragon scales "Avijit" {rN+ Slay+3 Stlth++++}
rPois    .         Spirit   .   J - +0 hat of Vicery {Slay+3}
rElec    .         Reflect  .   G - +0 cloak {MR+}
rCorr    .         Harm     .   s - +2 pair of gloves {Str+3}
MR       ++...     Clarity  +   E - +0 pair of boots {Stlth+}
Stlth    ++++++++++             p - amulet "Ureaz" {Regen+ SInv}
HPRegen  0.87/turn              K - +4 ring of protection
MPRegen  0.18/turn              M - ring of Shadows {Umbra +Inv Stlth+}

@: heroism, wreathed by umbra, lightly drained
A: retaliatory headbutt, horns 2, dopey 1, low mp 1
}: 2/15 runes: decaying, serpentine
a: Heroism, Finesse, Renounce Religion, Evoke Invisibility


You were on level 4 of the Vaults.
You worshipped Okawaru.
Okawaru was exalted by your worship.
You were not hungry.

You visited 9 branches of the dungeon, and saw 41 of its levels.
You visited 1 bazaar.
You also visited: Ossuary, Gauntlet and Wizlab.

You collected 5619 gold pieces.
You spent 2168 gold pieces at shops.

Inventory:

Hand Weapons
 a - the +8 autumn katana (weapon) {vorpal, Clar}
   (You acquired it on level 3 of the Elven Halls)

   It inflicts extra damage upon your enemies.
   It protects you against confusion.
 b - a +7 double sword of electrocution
 i - a +5 double sword of holy wrath
 w - the +5 scimitar of Conservatism {flame, rElec rF+ Int-4 Stlth+}
   (Okawaru gifted it to you on level 1 of the Depths)

   It has been specially enchanted to burn those struck by it, causing extra
   injury to most foes and up to half again as much damage against particularly
   susceptible opponents.
   Big, fiery blades are also staple armaments of hydra-hunters.
   It affects your intelligence (-4).
   It protects you from fire.
   It insulates you from electricity.
   It makes you more stealthy.
 x - a +3 demon whip of pain
 D - a +2 demon blade of flaming
Armour
 c - the +8 tower shield of Gallantry (worn) {Dex+8}
   (Okawaru gifted it to you on level 2 of the Elven Halls)

   It affects your dexterity (+8).
 m - the +0 hat of Sorcery {rF+ Slay+2}
   (You found it on level 15 of the Dungeon)

   It affects your accuracy and damage with ranged weapons and melee attacks
   (+2).
   It protects you from fire.
 s - a +2 pair of gloves of strength (worn)
 y - +0 ice dragon scales
 z - the +12 plate armour "Roimm" {rPois Regen+}
   (Okawaru gifted it to you on level 1 of the Depths)

   It protects you from poison.
   It increases your rate of regeneration.
 E - a +0 pair of boots of stealth (worn)
 G - a +0 cloak of magic resistance (worn)
 J - the +0 hat of Vicery (worn) {Slay+3}
   (You found it on level 2 of the Elven Halls)

   It affects your accuracy and damage with ranged weapons and melee attacks
   (+3).
 L - the +7 shadow dragon scales "Avijit" (worn) {rN+ Slay+3 Stlth++++}
   (You bought it in a shop on level 1 of the Snake Pit)

   It affects your accuracy and damage with ranged weapons and melee attacks
   (+3).
   It protects you from negative energy.
   It makes you much more stealthy.
 N - -2 gold dragon scales
 U - a +0 tower shield of resistance
Jewellery
 k - an uncursed ring of see invisible
 l - an uncursed ring of protection from magic
 n - an uncursed ring of poison resistance
 p - the amulet "Ureaz" (around neck) {Regen+ SInv}
   (You found it in a Gauntlet)

   [amulet of regeneration]

   It lets you see invisible.
   It increases your rate of regeneration.
 q - an uncursed ring of positive energy
 t - an uncursed ring of flight
 K - a +4 ring of protection (left hand)
 M - the ring of Shadows (right hand) {Umbra +Inv Stlth+}
   (You found it on level 3 of the Elven Halls)

   [ring of stealth]

   It lets you turn invisible.
   It makes you more stealthy.
 Q - an uncursed ring of resist corrosion
 S - an uncursed ring of protection from magic
 X - an uncursed ring of protection from fire
Wands
 O - a wand of digging (11)
Scrolls
 h - 5 scrolls of noise
 r - 2 scrolls of amnesia
 v - 11 scrolls of identify
 B - 8 scrolls of teleportation
 C - 15 scrolls of remove curse
 F - 3 scrolls of fear
 H - 3 scrolls of blinking
 P - a scroll of summoning
 R - 10 scrolls of magic mapping
Potions
 d - a potion of might
 e - 8 potions of haste
 g - a potion of ambrosia
 j - 3 potions of heal wounds
 o - 8 potions of curing
 u - a potion of brilliance
 A - 2 potions of mutation
 I - 5 potions of flight
 T - 2 potions of berserk rage
 W - 2 potions of resistance
Comestibles
 f - 55 rations
 V - 3 chunks of flesh


   Skills:
 + Level 22.3(26.2) Fighting
   Level 2.8(19.1) Short Blades
 + Level 22.9(26.2) Long Blades
 + Level 18.7(23.1) Armour
 + Level 9.1(13.5) Dodging
 + Level 9.0(13.5) Stealth
 O Level 27(26.2) Shields
 + Level 3.7(3.3) Invocations
 + Level 1.4(1.0) Evocations


You had 22 spell levels left.
You didn't know any spells.
Your spell library contained the following spells:

 Spells                   Type           Power        Failure   Level  Hunger
 Animate Skeleton         Necr           N/A          82%         1    ##.....
 Apportation              Tloc           #.....       82%         1    ##.....
 Beastly Appendage        Tmut           #.....       82%         1    ##.....
 Corona                   Hex            #......      82%         1    ##.....
 Foxfire                  Conj/Fire      #...         82%         1    ##.....
 Infusion                 Chrm           #...         82%         1    ##.....
 Pain                     Necr           #...         82%         1    ##.....
 Sandblast                Erth           #.....       82%         1    ##.....
 Shock                    Conj/Air       #...         82%         1    ##.....
 Sting                    Tmut/Pois      #...         82%         1    ##.....
 Summon Butterflies       Summ           #.......     82%         1    ##.....
 Summon Small Mammal      Summ           #...         82%         1    ##.....
 Call Imp                 Summ           #.......     91%         2    ###....
 Corpse Rot               Necr/Air       N/A          91%         2    ###....
 Ensorcelled Hibernation  Hex/Ice        #.....       91%         2    ###....
 Passwall                 Tmut/Erth      #.......     91%         2    ###....
 Poisonous Vapours        Pois/Air       #.....       91%         2    ###....
 Shroud of Golubria       Chrm/Tloc      #.....       91%         2    ###....
 Song of Slaying          Chrm           #.......     91%         2    ###....
 Sticks to Snakes         Tmut           #.......     91%         2    ###....
 Sublimation of Blood     Necr           #.........   91%         2    ###....
 Swiftness                Chrm/Air       #.......     91%         2    ###....
 Call Canine Familiar     Summ           #.......     99%         3    ####...
 Confusing Touch          Hex            #.......     99%         3    ####...
 Conjure Flame            Conj/Fire      #.......     99%         3    ####...
 Gell's Gravitas          Tloc           #.........   99%         3    ####...
 Inner Flame              Hex/Fire       #.......     99%         3    ####...
 Lesser Beckoning         Tloc           #.........   99%         3    ####...
 Mephitic Cloud           Conj/Pois/Air  #.......     99%         3    ####...
 Ozocubu's Armour         Chrm/Ice       #.......     99%         3    ####...
 Portal Projectile        Hex/Tloc       #.....       99%         3    ####...
 Spectral Weapon          Hex/Chrm       #.......     99%         3    ####...
 Spider Form              Tmut/Pois      #.........   99%         3    ####...
 Static Discharge         Conj/Air       #.......     99%         3    ####...
 Stone Arrow              Conj/Erth      #.....       99%         3    ####...
 Summon Guardian Golem    Hex/Summ       #.......     99%         3    ####...
 Tukima's Dance           Hex            #.......     99%         3    ####...
 Vampiric Draining        Necr           #.........   99%         3    ####...
 Airstrike                Air            #.........   100%        4    #####..
 Cause Fear               Hex            #.........   100%        4    #####..
 Dispel Undead            Necr           #.......     100%        4    #####..
 Fulminant Prism          Conj/Hex       #.........   100%        4    #####..
 Hailstorm                Conj/Ice       #.......     100%        4    #####..
 Ice Form                 Ice/Tmut       #.......     100%        4    #####..
 Petrify                  Tmut/Erth      #.......     100%        4    #####..
 Sticky Flame             Conj/Fire      #.......     100%        4    #####..
 Summon Ice Beast         Ice/Summ       #.......     100%        4    #####..
 Summon Lightning Spire   Summ/Air       #.......     100%        4    #####..
 Agony                    Necr           #.......     100%        5    ######.
 Alistair's Intoxication  Tmut/Pois      #.......     100%        5    ######.
 Blade Hands              Tmut           #.........   100%        5    ######.
 Bolt of Magma            Conj/Fire/Erth #.........   100%        5    ######.
 Excruciating Wounds      Chrm/Necr      #.........   100%        5    ######.
 Fireball                 Conj/Fire      #.........   100%        5    ######.
 Irradiate                Conj/Tmut      #.........   100%        5    ######.
 Iskenderun's Battlesphe  Conj/Chrm      #.......     100%        5    ######.
 Lee's Rapid Deconstruct  Erth           #.........   100%        5    ######.
 Lightning Bolt           Conj/Air       #.........   100%        5    ######.
 Metabolic Englaciation   Hex/Ice        #.........   100%        5    ######.
 Silence                  Hex/Air        #.........   100%        5    ######.
 Summon Forest            Summ/Tloc      #.........   100%        5    ######.
 Summon Mana Viper        Hex/Summ       #.......     100%        5    ######.
 Yara's Violent Unravell  Hex/Tmut       #.........   100%        5    ######.
 Death Channel            Necr           #.........   100%        6    #######
 Dispersal                Tloc           #.........   100%        6    #######
 Eringya's Noxious Bog    Tmut/Pois      #.........   100%        6    #######
 Freezing Cloud           Conj/Ice/Air   #.........   100%        6    #######
 Hydra Form               Tmut           #.........   100%        6    #######
 Invisibility             Hex            #.......     100%        6    #######
 Statue Form              Tmut/Erth      #........    100%        6    #######
 Dragon Form              Tmut           #.........   100%        7    #######
 Ring of Flames           Chrm/Fire      #.........   100%        7    #######
 Summon Hydra             Summ           #.........   100%        7    #######
 Controlled Blink         Tloc           N/A          100%        8    #######
 Discord                  Hex            #.........   100%        8    #######
 Dragon's Call            Summ           #.........   100%        9    #######


Dungeon Overview and Level Annotations

Branches:
Dungeon (15/15)            Temple (1/1) D:6            Lair (6/6) D:10
  Swamp (4/4) Lair:4        Snake (4/4) Lair:3        Slime (0/5) Lair:6
    Orc (2/2) D:10            Elf (3/3) Orc:2        Vaults (5/5) D:13
  Crypt (0/3) Vaults:3     Depths (1/5) D:15        Ossuary (visited)
 WizLab (visited)         Gauntlet (visited)

Altars:
Ashenzari
Cheibriados
Dithmenos
Elyvilon
Fedhas
Gozag
Hepliaklqana
Kikubaaqudgha
Makhleb
Nemelex Xobeh
Okawaru
Qazlal
Ru
Sif Muna
Trog
Uskayaw
Vehumet
Wu Jian
Xom
Yredelemnul
Zin
The Shining One
Beogh
Jiyva

Shops:
D:7 (   D:11 ::*   Orc:2 [%!*   Elf:2 =   Elf:3 (   Snake:1 [   Vaults:3 *

Portals:
Hell: Depths:1
Trove: D:13 (give +6 demon whip)

Annotations:
D:5 1 runed translucent door, RandomHacker's ghost, novice GrFE


Innate Abilities, Weirdness & Mutations

You reflexively headbutt those who attack you in melee.
You have a pair of horns on your head.
You are dopey. (Int -2)
Your magical capacity is low. (-10% MP)


Message History

You block the tengu reaver's attack.
The tengu reaver pecks you but does no damage.
The tengu reaver claws you but does no damage.
You gain the combat prowess of a mighty hero.
The tengu reaver casts a spell.
The tengu reaver conjures a globe of magical energy!
You block the titan's attack.
A battlesphere comes into view.
You slice the tengu reaver!!
The tengu reaver is moderately wounded.
The tengu reaver hits you with a +2 vorpal battleaxe!
* * * LOW HITPOINT WARNING * * *
x2 The tengu reaver pecks you but does no damage.
You block the tengu reaver's attack.
The tengu reaver hits you with a +0 battleaxe of freezing!
* * * LOW HITPOINT WARNING * * *
The tengu reaver freezes you.
* * * LOW HITPOINT WARNING * * *
You block the tengu reaver's attack. x2; The titan hits you!!
You die...

..# ##'##.....# ..#
#...#'##'## #.#
#..<#..#..#
############...#..#..#
..#........'...#..#..#
#########
..#.....#..#########+#
#........
###..#..#..#.........#
#........
#.#.....#..#...Q*[...#
#........
..'..#.....#...Q@[[..#
#........
..#....###[+...)>C[..#
#........
..#..#...[.#....[[...#
#........
###.....#[รท#....[[...#
#........
#.###....#####+#####
#........ #.....#..#
#......# #........
#..#.....# #......#
#........ #..#..#..#
#......# #........ #
#.[#.....# #......#
#########


You could see a titan, 2 tengu reavers and a battlesphere.

Vanquished Creatures
  Mara (Vaults:3)
  the Lernaean hydra (Swamp:4)
  Bai Suzhen (Snake:3)
  Vashnia (Snake:3)
  Saint Roka (Orc:2)
  4 liches
  4 tentacled monstrosities (Vaults:4)
  2 deep elf blademasters (Elf:3)
  2 titans (Vaults:4)
  Asterion (Snake:2)
  3 deep elf master archers (Elf:3)
  An Executioner (WizLab)
  A tengu reaver (Vaults:4)
  Kirke (Snake:4)
  2 thorn hunters
  Agnes (Elf:1)
  Roxanne (D:15)
  3 fire giants
  5 nagarajas (Snake:4)
  11 deep elf sorcerers
  3 frost giants
  Aizul (Elf:1)
  Louise (Elf:1)
  2 orc warlords
  2 cacodemons (WizLab)
  The ghost of Venard the Ruinous, a journeyman DgCj (Elf:2)
  16 vault wardens
  2 deep elf elementalists (Elf:3)
  16 ironheart preservers
  3 very ugly things (Depths:1)
  4 stone giants
  2 entropy weavers (Vaults:4)
  4 deep elf demonologists
  A lorocyproca (WizLab)
  A minotaur (Gauntlet)
  6 spark wasps (Depths:1)
  7 deep elf annihilators (Elf:3)
  4 crystal guardians (Depths:1)
  9 ettins
  3 fire dragons
  A green death (WizLab)
  8 deep elf death magi
  4 great orbs of eyes
  3 deep elf high priests (Elf:3)
  The ghost of Elvor the Cleaver, a journeyman MiFi of Okawaru (Lair:1)
  7 yaktaur captains
  3 rakshasas
  5 ice dragons
  38 vault guards
  A ghost crab (Swamp:4)
  6 merfolk avatars
  3 shambling mangroves
  17 naga warriors
  26 hydras
  7 centaur warriors
  39 two-headed ogres
  3 deep troll shamans
  28 dancing weapons
  2 death knights
  10 ogre magi
  13 alligators
  11 anacondas
  A vampire mage (D:15)
  A tengu warrior (D:8)
  5 orc high priests
  2 deep troll earth magi (Depths:1)
  Urug (D:12)
  Sonja (Lair:5)
  A small abomination (Elf:3)
  29 deep elf knights
  2 soul eaters (WizLab)
  A shock serpent (shapeshifter) (Vaults:4)
  4 shock serpents
  23 naga sharpshooters
  Nergalle (Lair:1)
  2 fire crabs (shapeshifter)
  9 hell knights (Depths:1)
  A sun demon (WizLab)
  3 salamander mystics
  An unseen horror (shapeshifter) (Vaults:4)
  10 skeletal warriors
  4 unseen horrors
  A death drake (shapeshifter) (D:14)
  A shadow demon (WizLab)
  17 deep trolls
  3 sea snakes (Lair:6)
  2 wizards
  11 naga ritualists
  4 spriggan druids
  4 phantasmal warriors
  28 deep elf archers
  5 flayed ghosts
  An orange crystal statue (Depths:1)
  12 ironbrand convokers
  6 harpies
  A swamp dragon (shapeshifter) (Vaults:3)
  A tengu zombie (Vaults:4)
  5 necromancers
  8 swamp dragons
  2 harpies (shapeshifter)
  25 orc knights
  4 wolf spiders
  A shadow dragon skeleton (D:15)
  9 mana vipers
  29 ugly things
  9 cyclopes
  2 manticores
  75 deep elf magi
  A mana viper (shapeshifter) (Vaults:3)
  An oklob plant (Gauntlet)
  8 orc sorcerers
  29 salamanders
  Maurice (D:9)
  5 guardian serpents
  6 elephants
  34 naga magi
  A frost giant skeleton (Depths:1)
  A torpor snail (Lair:6)
  16 vault sentinels
  A fire giant skeleton (D:15)
  39 black mambas
  A smoke demon (WizLab)
  A gargoyle (D:15)
  22 spiny frogs
  Maggie (Lair:2)
  An efreet (D:15)
  A spiny frog (shapeshifter) (Vaults:4)
  12 komodo dragons
  26 yaktaurs
  8 freezing wraiths
  9 rime drakes
  A tengu conjurer (D:13)
  A guardian mummy (D:15)
  A human skeleton (Vaults:4)
  2 tormentors (WizLab)
  2 ice devils (WizLab)
  A polar bear (shapeshifter) (Vaults:3)
  A meliai (shapeshifter) (Vaults:3)
  A wind drake (Lair:6)
  4 polar bears
  9 tyrant leeches
  21 hornets
  13 trolls
  5 bog bodies
  19 hippogriffs
  A deep troll zombie (Depths:1)
  2 spriggan zombies
  29 slime creatures
  25 blink frogs
  A blink frog (shapeshifter) (Vaults:1)
  4 dream sheep
  A hippogriff (shapeshifter) (Vaults:2)
  2 ice dragon zombies
  2 air elementals (Elf:2)
  8 shadows
  3 redbacks (Vaults:4)
  A ynoxinul (WizLab)
  3 wraiths
  15 spriggans
  24 yaks
  5 water elementals
  5 fire elementals
  11 wyverns
  A steam dragon (D:8)
  Grum (D:8)
  2 hungry ghosts
  3 chaos spawn (WizLab)
  A spriggan simulacrum (Depths:1)
  27 vampire mosquitoes
  6 basilisks
  3 hogs (Snake:4)
  9 wargs
  10 insubstantial wisps (Swamp:2)
  14 swamp worms
  56 nagas
  4 acid dragons
  24 water moccasins
  A soldier ant (shapeshifter) (Depths:1)
  55 orc warriors
  10 porcupines
  20 swamp drakes
  7 ice beasts
  A sky beast (D:13)
  A sky beast (shapeshifter) (Vaults:4)
  An eye of draining (shapeshifter) (Vaults:3)
  2 black bears (D:11)
  An ice dragon simulacrum (Depths:1)
  A deep troll simulacrum (Depths:1)
  An eye of draining (D:12)
  2 phantoms
  35 ogres
  24 centaurs
  17 wolves
  10 boggarts
  An elf skeleton (Vaults:4)
  18 crocodiles
  5 big kobolds
  17 bullfrogs
  2 earth elementals (Elf:2)
  5 scorpions
  A wyvern skeleton (D:13)
  An elf simulacrum (Vaults:2)
  An orc simulacrum (Vaults:2)
  A killer bee (D:12)
  4 howler monkeys
  17 wights
  2 electric eels (Lair:4)
  7 crimson imps
  3 centaur zombies
  7 hounds
  4 bullfrog zombies
  2 centaur skeletons (D:12)
  31 orc priests
  7 jellies
  34 orc wizards
  A bullfrog skeleton (D:11)
  3 iguanas
  9 worker ants
  2 human simulacra (D:10)
  4 hound skeletons
  12 mummies (Ossuary)
  A worker ant zombie (D:7)
  3 howler monkey skeletons
  8 gnolls
  15 adders
  2 shadow imps
  2 adder skeletons
  3 worms
  3 dart slugs (D:1)
  A leopard gecko (D:3)
  147 orcs
  4 bats (D:1)
  A giant cockroach (D:3)
  12 goblins
  8 hobgoblins
  10 jackals
  23 kobolds
  6 quokkas
  3 ball pythons
  5 frilled lizards
  3 gnoll skeletons (Ossuary)
  A goblin skeleton (Ossuary)
  A goblin zombie (D:7)
  A jackal skeleton (D:5)
  3 kobold skeletons (Ossuary)
  2 leopard gecko skeletons
  A leopard gecko zombie (D:8)
  An orc skeleton (Ossuary)
  A quokka skeleton (D:7)
  A quokka zombie (D:7)
  10 rats
  11 rat skeletons (Ossuary)
  A fungus (Lair:6)
  2 plants
2034 creatures vanquished.

Vanquished Creatures (others)
  An alligator (Swamp:2)
  A deep elf knight (Elf:2)
  2 deep elf archers
  A deep elf mage (Elf:2)
  A naga mage (Snake:1)
  A yaktaur (Depths:1)
  A water elemental (Elf:2)
  A human (Snake:4)
  A crocodile (D:10)
  An orc priest (Vaults:4)
  An orc (Vaults:4)
  4 bushes (D:10)
  11 fungi
  28 plants
55 creatures vanquished.

Grand Total: 2089 creatures vanquished

Notes
Turn   | Place    | Note
-------+----------+-------------------------------------------
     0 | D:1      | Peloso the Minotaur Fighter began the quest for the Orb.
     0 | D:1      | Reached XP level 1. HP: 19/19 MP: 0/0
    66 | D:1      | Reached XP level 2. HP: 16/27 MP: 1/1
   253 | D:1      | Reached skill level 4 in Shields
   601 | D:1      | Reached XP level 3. HP: 33/33 MP: 2/2
   905 | D:2      | Reached XP level 4. HP: 40/40 MP: 3/3
  2003 | D:3      | Reached XP level 5. HP: 38/47 MP: 4/4
  2013 | D:3      | Reached skill level 5 in Shields
  2088 | D:3      | Reached skill level 1 in Dodging
  2884 | D:4      | Noticed an ogre
  2894 | D:4      | Killed an ogre
  2894 | D:4      | Reached skill level 5 in Armour
  2894 | D:4      | Reached XP level 6. HP: 34/55 MP: 5/5
  2896 | D:4      | Reached skill level 5 in Fighting
  3028 | D:4      | Reached skill level 5 in Long Blades
  3077 | D:4      | Reached XP level 7. HP: 58/61 MP: 6/6
  3675 | D:5      | Entered Level 5 of the Dungeon
  3773 | D:5      | Found a shimmering altar of Xom.
  3956 | D:5      | Reached skill level 6 in Shields
  3956 | D:5      | Reached XP level 8. HP: 47/69 MP: 7/7
  4284 | D:5      | Found a runed translucent door.
  4288 | D:5      | Noticed RandomHacker's ghost (novice GrFE)
  4537 | D:6      | Found a staircase to the Ecumenical Temple.
  4558 | Temple   | Entered the Ecumenical Temple
  4658 | Temple   | Became a worshipper of Warmaster Okawaru
  4970 | D:6      | Reached skill level 7 in Shields
  5197 | D:7      | Reached XP level 9. HP: 61/75 MP: 8/8
  5223 | D:7      | Found a sand-covered staircase.
  5230 | Ossuary  | Entered an ossuary
  5629 | D:7      | Reached * piety under Okawaru
  6144 | D:7      | Found Akada's Antique Weapon Boutique.
  6327 | D:8      | Reached skill level 10 in Long Blades
  6593 | D:8      | Noticed a tengu warrior
  6620 | D:8      | Killed a tengu warrior
  6620 | D:8      | Reached ** piety under Okawaru
  6620 | D:8      | Reached skill level 8 in Shields
  6692 | D:8      | Noticed a two-headed ogre
  6699 | D:8      | Killed a two-headed ogre
  6699 | D:8      | Reached *** piety under Okawaru
  6699 | D:8      | Reached XP level 10. HP: 86/86 MP: 6/9
  6883 | D:8      | Noticed Grum
  6899 | D:8      | Killed Grum
  6899 | D:8      | Reached skill level 9 in Shields
  7367 | D:8      | Identified the Volume of Noxious Stones
  7687 | D:9      | Reached **** piety under Okawaru
  8052 | D:9      | Noticed Maurice
  8057 | D:9      | Killed Maurice
  8057 | D:9      | Reached skill level 10 in Shields
  8281 | D:10     | Entered Level 10 of the Dungeon
  8449 | D:10     | Reached ***** piety under Okawaru
  8618 | D:10     | Found a staircase to the Orcish Mines.
  8652 | D:10     | Reached XP level 11. HP: 92/95 MP: 10/10
  9011 | D:10     | Found a staircase to the Lair.
  9567 | D:11     | Reached skill level 10 in Armour
  9618 | D:11     | Found Osmol's Assorted Antiques.
  9631 | D:11     | Bought a scroll labeled VOUMEC AKIQASOD for 24 gold pieces
  9671 | D:11     | Found Nesahac's Book Boutique.
  9741 | D:11     | Found an opulent altar of Gozag.
  9916 | D:11     | Found Gotocog's Book Boutique.
  9928 | D:11     | Reached skill level 11 in Shields
 10030 | D:11     | Noticed a two-headed ogre
 10045 | D:11     | Killed a two-headed ogre
 10413 | D:12     | Received a gift from Okawaru
 10637 | D:12     | Reached ****** piety under Okawaru
 10726 | D:12     | Paralysed by a centaur for 7 turns
 10943 | D:12     | Reached skill level 10 in Fighting
 11011 | D:12     | Reached XP level 12. HP: 106/106 MP: 11/11
 11020 | D:12     | Noticed Urug
 11031 | D:12     | Killed Urug
 11130 | D:12     | Reached skill level 12 in Shields
 11483 | D:12     | Received a gift from Okawaru
 11562 | D:12     | Identified Bose's Tome of Ensnaring Changing
 11765 | D:12     | Noticed a two-headed ogre
 11772 | D:12     | Killed a two-headed ogre
 12150 | Lair:1   | Entered Level 1 of the Lair of Beasts
 12167 | Lair:1   | Found a runed translucent gate.
 12167 | Lair:1   | Found a runed translucent gate.
 12167 | Lair:1   | Found a runed translucent gate.
 12191 | Lair:1   | Reached skill level 13 in Shields
 12248 | Lair:1   | Found a gate leading to a gauntlet.
 12262 | Gauntlet | Entered a Gauntlet
 12262 | Gauntlet | Found a transporter.
 12262 | Gauntlet | Found a transporter.
 12262 | Gauntlet | Found a transporter.
 12278 | Gauntlet | Found a transporter.
 12282 | Gauntlet | Found a transporter.
 12284 | Gauntlet | Found a large runed translucent door.
 12285 | Gauntlet | Found a large runed translucent door.
 12286 | Gauntlet | Found a large runed translucent door.
 12286 | Gauntlet | Found a large runed translucent door.
 12286 | Gauntlet | Found a runed translucent door.
 12286 | Gauntlet | Found a runed translucent door.
 12287 | Gauntlet | Found a large runed translucent door.
 12288 | Gauntlet | Found a large runed translucent door.
 12288 | Gauntlet | Found a large runed translucent door.
 12288 | Gauntlet | Found a large runed translucent door.
 12288 | Gauntlet | Found a large runed translucent door.
 12288 | Gauntlet | Found a large runed translucent door.
 12289 | Gauntlet | Found a large runed translucent door.
 12289 | Gauntlet | Found a large runed translucent door.
 12289 | Gauntlet | Found a large runed translucent door.
 12289 | Gauntlet | Found a large runed translucent door.
 12290 | Gauntlet | Found a large runed translucent door.
 12290 | Gauntlet | Found a large runed translucent door.
 12293 | Gauntlet | Found a runed translucent gate.
 12293 | Gauntlet | Found a runed translucent gate.
 12293 | Gauntlet | Found a runed translucent gate.
 12294 | Gauntlet | Noticed a great orb of eyes
 12295 | Gauntlet | Found a transporter.
 12299 | Gauntlet | Found a transporter.
 12314 | Gauntlet | Found a transporter.
 12335 | Gauntlet | Found a transporter.
 12339 | Gauntlet | Found a transporter.
 12343 | Gauntlet | Found a transporter.
 12357 | Gauntlet | Found a transporter.
 12619 | Gauntlet | Paralysed by a great orb of eyes for 7 turns
 12639 | Gauntlet | Killed a great orb of eyes
 12639 | Gauntlet | Reached skill level 1 in Invocations
 12675 | Gauntlet | Got a wavering graven amulet
 12677 | Gauntlet | Identified the amulet "Ureaz" {Regen+ SInv} (You found it
                  | in a Gauntlet)
 12921 | Gauntlet | Reached skill level 1 in Evocations
 12940 | Gauntlet | Identified the Guide on Protection and Hexes
 12954 | Gauntlet | Identified the cursed +1 broad axe "Zuntot" {pain, rN+
                  | Str-4 Dex+4 SInv}
 12954 | Gauntlet | Identified the +3 tower shield "Reriosk" {rPois rN+ MR-}
 12954 | Gauntlet | Noticed a minotaur
 12977 | Gauntlet | Killed a minotaur
 12977 | Gauntlet | Reached skill level 15 in Long Blades
 12977 | Gauntlet | Reached XP level 13. HP: 106/116 MP: 5/12
 12995 | Gauntlet | Identified the Reference Book on Frigorific Black Arts
 13189 | Lair:1   | Found a viscous altar of Jiyva.
 13189 | Lair:1   | Noticed Elvor's ghost (journeyman MiFi)
 13759 | Lair:1   | Noticed Nergalle
 13770 | Lair:1   | Killed Nergalle
 14495 | Lair:2   | Noticed Maggie
 14502 | Lair:2   | Killed Maggie
 14553 | Lair:2   | Received a gift from Okawaru
 14894 | Lair:2   | Reached skill level 14 in Shields
 15251 | Lair:2   | You fall into a shaft and drop 2 floors!
 15767 | Lair:3   | Found a staircase to the Snake Pit.
 16836 | Lair:2   | Identified a scroll of acquirement
 16924 | Orc:1    | Entered Level 1 of the Orcish Mines
 17068 | Orc:1    | Found a roughly hewn altar of Beogh.
 17087 | Orc:1    | Reached skill level 15 in Shields
 17115 | Orc:1    | Received a gift from Okawaru
 17295 | Orc:2    | Entered Level 2 of the Orcish Mines
 17428 | Orc:2    | Noticed Saint Roka
 17695 | Orc:2    | Killed Saint Roka
 17695 | Orc:2    | Reached skill level 1 in Stealth
 17695 | Orc:2    | Reached XP level 14. HP: 108/127 MP: 8/14
 17854 | Orc:2    | Found a roughly hewn altar of Beogh.
 17907 | Orc:2    | Found Xycotog's Assorted Antiques.
 17913 | Orc:2    | Found a staircase to the Elven Halls.
 17916 | Orc:2    | Bought a scroll labeled YKAGEU IVASSUA for 27 gold pieces
 18187 | Orc:2    | Found a roughly hewn altar of Beogh.
 18317 | Orc:2    | Found Ceoriq's Distillery.
 18350 | Orc:2    | Received a gift from Okawaru
 18515 | Orc:2    | Gained mutation: Your magical capacity is low. (-10% MP) [a
                  | neqoxec]
 18518 | Orc:2    | Reached skill level 16 in Shields
 18566 | Orc:2    | Found Huhokah's Magic Scroll Boutique.
 18570 | Orc:2    | Found Onyham's Food Emporium.
 18570 | Orc:2    | Found Izav's Antique Armour Emporium.
 18648 | Orc:2    | Got a warped long sword {god gift}
 18649 | Orc:2    | Identified the +4 long sword of Risk Management {venom,
                  | Stlth+} (Okawaru gifted it to you on level 2 of the Orcish
                  | Mines)
 19541 | D:13     | Found a portal to a secret trove of treasure.
 19724 | D:13     | Found a gate to the Vaults.
 19765 | D:13     | Received a gift from Okawaru
 19798 | D:13     | Identified the Disquisition on Evil Secrets
 19877 | D:13     | Found an iron altar of Okawaru.
 20488 | D:14     | Reached skill level 17 in Shields
 21242 | Lair:4   | Found a staircase to the Swamp.
 21457 | Lair:5   | Noticed Sonja
 21586 | Lair:5   | Killed Sonja
 22292 | Lair:5   | Received a gift from Okawaru
 22358 | Lair:5   | Reached skill level 1 in Short Blades
 22366 | Lair:5   | Reached XP level 15. HP: 101/136 MP: 14/14
 22530 | Lair:6   | Entered Level 6 of the Lair of Beasts
 23061 | Lair:6   | Reached skill level 18 in Shields
 23360 | Lair:6   | Found a viscous altar of Jiyva.
 23360 | Lair:6   | Found a staircase to the Slime Pits.
 23676 | Lair:6   | Received a gift from Okawaru
 24390 | Swamp:1  | Entered Level 1 of the Swamp
 25120 | Swamp:1  | Received a gift from Okawaru
 25129 | Swamp:1  | Reached skill level 19 in Shields
 25687 | Elf:1    | Entered Level 1 of the Elven Halls
 25733 | Elf:1    | Noticed Louise
 25754 | Elf:1    | Killed Louise
 25801 | Elf:1    | Found a flickering gateway to a bazaar.
 25811 | Bazaar   | Entered a bazaar
 25832 | Bazaar   | Found Ziafael's Magic Scroll Shoppe.
 25852 | Bazaar   | Found Itula's Assorted Antiques.
 25912 | Bazaar   | Found Ezxywall's Jewellery Emporium.
 25919 | Bazaar   | Bought the amulet of Nonk {Acrobat MR+} for 340 gold pieces
 25950 | Bazaar   | Bought a scroll of magic mapping for 66 gold pieces
 26033 | Elf:1    | Noticed a deep elf sorcerer
 26039 | Elf:1    | Killed a deep elf sorcerer
 26039 | Elf:1    | Reached XP level 16. HP: 132/147 MP: 12/15
 26210 | Elf:1    | Noticed Aizul
 26231 | Elf:1    | Killed Aizul
 26589 | Elf:1    | Noticed Agnes
 26598 | Elf:1    | Killed Agnes
 26756 | Elf:1    | Reached skill level 15 in Fighting
 26904 | Elf:1    | Identified Gelih's Reference Book on Conjuration and
                  | Companions
 27048 | Elf:1    | Received a gift from Okawaru
 27060 | Elf:1    | Reached skill level 15 in Armour
 27440 | Elf:1    | Reached skill level 20 in Shields
 27950 | Elf:2    | Received a gift from Okawaru
 27961 | Elf:2    | Got a fine tower shield {god gift}
 27967 | Elf:2    | Identified the +8 tower shield of Gallantry {Dex+8}
                  | (Okawaru gifted it to you on level 2 of the Elven Halls)
 27976 | Elf:2    | Found a runed translucent gate.
 27976 | Elf:2    | Found a runed translucent gate.
 27978 | Elf:2    | Found a runed translucent gate.
 27983 | Elf:2    | Noticed Venard's ghost (journeyman DgCj)
 28394 | Elf:2    | Found Initee's Jewellery Emporium.
 29163 | Elf:2    | Found a huge runed translucent gate.
 29163 | Elf:2    | Found a huge runed translucent gate.
 29163 | Elf:2    | Found a huge runed translucent gate.
 29169 | Elf:2    | Found a huge runed translucent gate.
 29169 | Elf:2    | Found a huge runed translucent gate.
 29445 | Elf:3    | Entered Level 3 of the Elven Halls
 29463 | Elf:3    | Found Ydile's Antique Weapon Boutique.
 29485 | Elf:3    | Found a magical portal.
 29519 | WizLab   | Entered Doroklohe's Tomb
 29542 | WizLab   | Reached XP level 17. HP: 158/158 MP: 16/16
 30519 | WizLab   | Gained mutation: You are dopey. (Int -2) [a cacodemon]
 30592 | WizLab   | Reached skill level 21 in Shields
 31530 | WizLab   | Received a gift from Okawaru
 32172 | Elf:2    | HP: 7/158 [+2 vampiric war axe (11)]
 33536 | Elf:2    | Killed Venard's ghost
 33573 | Elf:2    | Got a bloodstained hat
 33579 | Elf:2    | Identified the cursed +0 hat of Vicery {Slay+3} (You found
                  | it on level 2 of the Elven Halls)
 34285 | Elf:3    | Reached skill level 22 in Shields
 34371 | Elf:3    | Received a gift from Okawaru
 35070 | Elf:3    | Received a gift from Okawaru
 35262 | Elf:3    | Reached XP level 18. HP: 168/168 MP: 17/17
 35674 | Elf:3    | Identified the ring "Nodghobae" {rC- MR+ Int+6 Stlth+}
 35735 | Elf:3    | Identified the cursed +2 spear "Sioxao Gygy" {pain, Str+5}
 35735 | Elf:3    | Identified the +1 leather armour "Fiywiur" {MR+}
 35738 | Elf:3    | Found the ring of Shadows {Umbra +Inv Stlth+}
 35858 | Elf:3    | Got a polished chain mail
 35869 | Elf:3    | Identified the +3 chain mail of Kedoudax {+Inv rC- Stlth+}
                  | (You found it on level 3 of the Elven Halls)
 35878 | Elf:3    | Got a fading plate armour
 35884 | Elf:3    | Identified the +1 plate armour of Indecent Exposure {rF+
                  | rN+ Str+3 Dex-5} (You found it on level 3 of the Elven
                  | Halls)
 35912 | Elf:3    | Identified the Handbook of Confrontation
 35930 | Elf:3    | Identified Kowianoi's Handbook of the Traveller
 35952 | Elf:3    | Got a shimmering falchion
 35953 | Elf:3    | Identified the +10 falchion "Death Rattle" {drain, rC+
                  | Str-4 Dex+7} (You found it on level 3 of the Elven Halls)
 36078 | Elf:3    | Acquired 1000 gold pieces
 36080 | Elf:3    | Acquired the +8 autumn katana {vorpal, Clar}
 36081 | Elf:3    | Found the +8 autumn katana {vorpal, Clar}
 36453 | Swamp:2  | Reached skill level 23 in Shields
 37730 | Swamp:3  | Received a gift from Okawaru
 38579 | Swamp:4  | Entered Level 4 of the Swamp
 38587 | Swamp:4  | Got a pair of distressingly furry gloves
 38598 | Swamp:4  | Identified the +1 pair of gloves of Poor Excuses {Dex+3}
                  | (You found it on level 4 of the Swamp)
 39182 | Swamp:4  | Noticed the 27-headed Lernaean hydra
 39194 | Swamp:4  | Killed the 23-headed Lernaean hydra
 39194 | Swamp:4  | Reached XP level 19. HP: 91/177 MP: 15/18
 39209 | Swamp:4  | Received a gift from Okawaru
 39232 | Swamp:4  | Got an ichor-stained cloak {god gift}
 39243 | Swamp:4  | Identified the +0 cloak of Cleverly Designed Fun {Str+2
                  | Int+4} (Okawaru gifted it to you on level 4 of the Swamp)
 39313 | Swamp:4  | Reached skill level 24 in Shields
 39543 | Swamp:4  | Got a decaying rune of Zot
 39891 | Snake:1  | Entered Level 1 of the Snake Pit
 40166 | Snake:1  | Found Aploety's Armour Emporium.
 40178 | Snake:1  | Bought the +7 shadow dragon scales "Avijit" {rN+ Slay+3
                  | Stlth++++} for 1631 gold pieces
 41041 | Snake:2  | Received a gift from Okawaru
 41059 | Snake:2  | Got an opal-encrusted scale mail {god gift}
 41136 | Snake:2  | Identified the +1 falchion of Domination {vorpal, +Inv
                  | Dex+3} (You found it on level 2 of the Snake Pit)
 41723 | Snake:2  | Noticed Asterion
 41733 | Snake:2  | Killed Asterion
 42208 | Lair:1   | Killed Elvor's ghost
 42307 | D:10     | Identified the +1 scale mail of Okawaru's Reproof {*Corrode
                  | rC+++ Int+5} (Okawaru gifted it to you on level 2 of the
                  | Snake Pit)
 42542 | Snake:3  | Noticed Bai Suzhen
 42551 | Snake:3  | Killed Bai Suzhen
 43188 | Snake:3  | Noticed Vashnia
 43199 | Snake:3  | Reached skill level 25 in Shields
 43238 | Snake:3  | Killed Vashnia
 43529 | Snake:3  | Reached XP level 20. HP: 189/189 MP: 19/19
 43847 | Snake:4  | Entered Level 4 of the Snake Pit
 43872 | Snake:4  | Received a gift from Okawaru
 44543 | Snake:4  | Identified the Handbook of Earthen Augmentations
 44755 | Snake:4  | Received a gift from Okawaru
 45597 | Snake:4  | Received a gift from Okawaru
 45642 | Snake:4  | Got a serpentine rune of Zot
 45708 | Snake:4  | Reached skill level 26 in Shields
 45863 | Snake:4  | Noticed Kirke
 45876 | Snake:4  | Killed Kirke
 46373 | Vaults:1 | Entered Level 1 of the Vaults
 46833 | Vaults:1 | Received a gift from Okawaru
 47069 | Vaults:1 | Reached skill level 5 in Dodging
 47682 | Vaults:1 | Got a shimmering chain mail
 47683 | Vaults:1 | Identified the +1 chain mail of Beauty {rCorr Str+3} (You
                  | found it on level 1 of the Vaults)
 47806 | Vaults:1 | Reached XP level 21. HP: 185/198 MP: 20/20
 48393 | Vaults:2 | Received a gift from Okawaru
 48402 | Vaults:2 | Got an ivory falchion {god gift}
 48403 | Vaults:2 | Identified the +6 falchion of Owimnesch {vorpal, rN+ Int+4}
                  | (Okawaru gifted it to you on level 2 of the Vaults)
 48561 | Vaults:2 | Reached skill level 5 in Stealth
 49056 | Vaults:2 | Received a gift from Okawaru
 49079 | Vaults:2 | Got a fine demon blade {god gift}
 49080 | Vaults:2 | Identified the +5 demon blade "Urhotoj" {freeze, rPois}
                  | (Okawaru gifted it to you on level 2 of the Vaults)
 49301 | Vaults:2 | Reached skill level 27 in Shields
 50026 | Vaults:3 | Found Loach's General Store.
 50049 | Vaults:3 | Received a gift from Okawaru
 50218 | Vaults:3 | Found a shattered altar of Ashenzari.
 50396 | Vaults:3 | You fall into a shaft and drop 1 floor!
 50673 | Vaults:4 | Received a gift from Okawaru
 50695 | Vaults:4 | Got a twisted scale mail {god gift}
 50696 | Vaults:4 | Identified the +3 scale mail of Extremely Toothy Music
                  | {rCorr Int+5 Stlth-} (Okawaru gifted it to you on level 4
                  | of the Vaults)
 50810 | Vaults:4 | Reached XP level 22. HP: 205/209 MP: 20/20
 52122 | Vaults:3 | Noticed Mara
 52139 | Vaults:3 | Noticed Peloso's illusion
 52149 | Vaults:3 | Noticed Peloso's illusion
 52160 | Vaults:3 | Killed Mara
 52160 | Vaults:3 | Received a gift from Okawaru
 52167 | Vaults:3 | Got an encrusted long sword {god gift}
 52168 | Vaults:3 | Identified the +0 long sword of Ischuk {vorpal, rN+++ Str-5
                  | Int+5 Dex-3} (Okawaru gifted it to you on level 3 of the
                  | Vaults)
 52367 | Vaults:3 | Found a staircase to the Crypt.
 53765 | D:15     | Entered Level 15 of the Dungeon
 53773 | D:15     | Noticed Roxanne
 53788 | D:15     | Killed Roxanne
 53862 | D:15     | Got a transparent hat
 53873 | D:15     | Identified the cursed +0 hat of Sorcery {rF+ Slay+2} (You
                  | found it on level 15 of the Dungeon)
 53961 | D:15     | Found a staircase to the Depths.
 54606 | Depths:1 | Entered Level 1 of the Depths
 54613 | Depths:1 | Received a gift from Okawaru
 54656 | Depths:1 | Identified the +5 scimitar of Conservatism {flame, rElec
                  | rF+ Int-4 Stlth+} (Okawaru gifted it to you on level 1 of
                  | the Depths)
 55021 | Depths:1 | Found a gateway to Hell.
 55335 | Depths:1 | Received a gift from Okawaru
 55346 | Depths:1 | Reached XP level 23. HP: 137/221 MP: 22/22
 55348 | Depths:1 | Got a masterwork plate armour {god gift}
 55359 | Depths:1 | Identified the +12 plate armour "Roimm" {rPois Regen+}
                  | (Okawaru gifted it to you on level 1 of the Depths)
 55487 | Depths:1 | Found a runed translucent door.
 57405 | Vaults:3 | Bought a potion of heal wounds for 80 gold pieces
 57485 | Vaults:5 | Entered Level 5 of the Vaults
 57667 | Vaults:4 | Received a gift from Okawaru
 57813 | Vaults:4 | Received a gift from Okawaru
 57838 | Vaults:4 | Got a dazzling falchion {god gift}
 57839 | Vaults:4 | Identified the +0 falchion "Bucsadd" {vorpal, *Corrode
                  | *Drain rElec rN+++} (Okawaru gifted it to you on level 4 of
                  | the Vaults)
 58385 | Vaults:4 | HP: 7/224 [tengu reaver/+0 battleaxe of freezing (8)]
 58385 | Vaults:4 | Demolished by a titan

Illustrated notes

Levels and vault maps discovered:
D:1:      kennysheep_arrival_seaside, layout_rooms
D:2:      layout_basic, minmay_tetromino_s2
D:3:      layout_basic
D:4:      layout_loops_cross, first_ration, minmay_goblin_outpost
D:5:      layout_loops_ring, xom_teletrap_fun, ebering_ghost_reflecting_pool
D:6:      layout_basic, minmay_temple_entry_offerings
D:7:      layout_gridville, serial_shops, kennysheep_mini_moat, enter_ossuary_4,
          the_bakery, minmay_misc_feat_square
D:8:      layout_layer_cave, kb_rosetta, uniq_grum
D:9:      layout_gridville, uniq_maurice
D:10:     layout_layer_cave, minmay_lair_entry_grove, hiddenorc1_lemuel,
          minmay_door_square, bh_circular_ruins
D:11:     layout_basic, basic_altar, serial_shops, shop, shop_fountains, shop
D:12:     minmay_the_grid_octo_tiled_squarecenter_mashed
          [minmay_the_grid_octo_clover, minmay_the_grid_octo_teeth,
          minmay_the_grid_octo_horde, minmay_the_grid_octo_pinwheel,
          minmay_the_grid_square_5x5_megaprize_hollow,
          minmay_the_grid_square_5x5_eight, minmay_the_grid_square_5x5_percent,
          minmay_the_grid_square_5x5_eight_small,
          minmay_the_grid_square_5x5_bite], layout_irregular_city, uniq_urug
D:13:     layout_loops_ring, david_vaults_5, nicolae_trove_entry_crystal,
          okawaru_ov_weapons_minmay
D:14:     layout_cave_pools
D:15:     gammafunk_depths_entry_grave, layout_irregular_city,
          minmay_misc_feat_encased, uniq_roxanne
Temple:   kilobyte_greek_temple
Lair:1:   layout_loops_ring, gauntlet_entry_generic, gammafunk_ghost_ooze,
          uniq_nergalle
Lair:2:   layout_cave_pods, uniq_maggie
Lair:3:   layout_regular_city, minmay_snake_entry_six_corridors
Lair:4:   layout_gridlike, palyth_hydra_swamp_entry
Lair:5:   layout_cave_shapes, special_room [special_room_mythical_zoo],
          uniq_sonja
Lair:6:   gammafunk_lair_ancient_temple, layout_big_grid,
          dpeg_slime_entry_enclosed_altar, infiniplex_staircase_pool_2
Swamp:1:  layout_basic_swamp, nicolae_swamp_trees_clearing
Swamp:2:  layout_basic_swamp, evilmike_swamp_ruin_house_1
Swamp:3:  layout_basic_swamp, nicolae_swamp_feature_on_the_river_bank,
          swamp_pool1
Swamp:4:  swamp, layout_basic_swamp, swamp_pool4, grunt_lady_of_the_lake
Snake:1:  layout_rooms, special_room, nicolae_snake_salamander_stairs,
          minmay_shop_star, grunt_megastairs_2
Snake:2:  cheibrodos_snake_lava_hold, layout_chambers, uniq_asterion
Snake:3:  layout_chambers, uniq_vashnia, uniq_bai_suzhen
Snake:4:  snake_pit, layout_cave_town, uniq_kirke
Orc:1:    layout_diamond_mine, basic_altar
Orc:2:    st_orc_elflike, layout_diamond_mine, serial_shops, nicolae_shop_stone,
          basic_altar, minmay_orc_temple_b, uniq_saint_roka
Elf:1:    minmay_elf_arrival_summoners, layout_gridlike, serial_shops,
          bzr_entry_dummy, special_room [special_room_orc], minmay_elf_sorcery,
          uniq_agnes, uniq_louise, uniq_aizul
Elf:2:    layout_loops_corners, serial_shops, shop, serial_glass,
          glass_columns_a, glass_columns_a, glass_columns_a,
          gammafunk_ghost_tricky_traps, drop_trap
Elf:3:    minmay_elf_hall_statues, layout_loops_corners, serial_shops, shop,
          lightli_enter_wizlab_magi_temple, grunt_ministairs_2,
          guppyfry_elf_castle
Vaults:1: vaults_mumra_chevron_long, vaults_dpeg_ring, v_pattern_5,
          vaults_room_fours, nicolae_vaults_asterisk, nicolae_vaults_theta,
          nicolae_vaults_shelves_hall, layout_vaults_omnigrid
Vaults:2: nicolae_vaults_triangles, nicolae_vaults_arrows,
          nicolae_vaults_disjoint_gnomons, vaults_dpeg_doors, v_misc_30,
          hangedman_vaults_trim, nicolae_vaults_diagonal_hallway_6, v_misc_9,
          v_alt_pattern_3, ontoclasm_vaults_twist, ontoclasm_vaults_pinch,
          layout_vaults_maze_snakey
Vaults:3: vaults_room_large_hall, minmay_crypt_entry_nasty_monster,
          nicolae_vaults_border_crossing, vaults_room_grunt_arrival_checkpoint,
          v_misc_28, st_more_cells, ontoclasm_vaults_spin, v_misc_8,
          vaults_room_grunt_arrival_ludios, nicolae_vaults_little_squares_3,
          v_misc_24, v_misc_25, v_misc_16, ontoclasm_vaults_ligature,
          layout_vaults_big_cross, basic_altar, serial_shops, shop_fountains,
          uniq_mara
Vaults:4: v_rooms_2, vaults_dpeg_diagonal, hangedman_vaults_restitches,
          v_misc_27, v_misc_22, ontoclasm_vaults_ring_large,
          grunt_vaults_trifunnel, hangedman_vaults_restitches,
          layout_vaults_omnibox
Vaults:5
Depths:1: layout_forbidden_donut, kennysheep_doodads, pf_coc_iceberg,
          moated_statue, minmay_splitting_lines, minmay_crystal_box,
          grunt_megastairs_3

Skill      XL: |  1  2  3  4  5  6  7  8  9 10 11 12 13 14 15 16 17 18 19 20 21 22 23 |
---------------+----------------------------------------------------------------------+-----
Shields        | 4 5 6 7 8 10 11 13 15 17 19 20 22 23 25 26 27 | 27.0
Armour         | 4 5 6 7 9 10 12 13 14 15 16 17 18 | 18.7
Fighting       | 4 5 6 7 8 10 11 12 13 14 15 16 17 18 19 20 21 22 | 22.3
Long Blades    | 3 4 5 7 9 11 12 14 15 16 17 18 19 20 21 22 | 22.9
Dodging        | 1 2 3 5 6 7 9 |  9.1
Invocations    | 1 2 3 |  3.7
Evocations     | 1 |  1.4
Stealth        | 1 2 3 4 6 8 9 |  9.0
Short Blades   | 1 2 |  2.8

Action                   |  1- 3 |  4- 6 |  7- 9 | 10-12 | 13-15 | 16-18 | 19-21 | 22-24 || total
-------------------------+-------+-------+-------+-------+-------+-------+-------+-------++-------
Melee: Long sword        |    55 |   138 |   373 |   812 |    83 |    54 |    48 |       ||  1563
       Headbutt          |    12 |    32 |    80 |   178 |   327 |   398 |   557 |   325 ||  1909
       Falchion          |       |       |    17 |       |       |       |       |       ||    17
       Scimitar          |       |       |       |       |  1182 |   824 |       |       ||  2006
       Short sword       |       |       |       |       |    97 |       |       |       ||    97
       Double sword      |       |       |       |       |       |   150 |       |   108 ||   258
       Katana            |       |       |       |       |       |   296 |  1436 |   715 ||  2447
Invok: Heroism           |       |       |     1 |     8 |    15 |     9 |     2 |     6 ||    41
       Finesse           |       |       |       |     1 |     1 |       |       |     1 ||     3
 Abil: Evoke Flight      |       |       |     1 |       |       |       |       |       ||     1
Evoke: Wand              |       |       |       |     5 |     3 |     1 |       |       ||     9
  Use: Potion            |       |       |     2 |     1 |     3 |     4 |       |     1 ||    11
       Scroll            |       |       |    14 |    12 |    12 |    10 |    11 |     9 ||    68
 Stab: Distracted        |       |       |       |       |       |     1 |     1 |     4 ||     6
       Sleeping          |       |       |       |       |       |       |    48 |    24 ||    72
  Eat: Chunk             |       |     7 |    12 |    19 |    42 |    22 |    28 |    21 ||   151
       Ration            |       |       |       |     1 |       |     6 |     3 |     1 ||    11
Armor: Scale mail        |    21 |    55 |    69 |       |       |       |       |       ||   145
       Plate armour      |       |       |    99 |   187 |       |       |       |       ||   286
       Crystal plate arm |       |       |       |   254 |   806 |   204 |       |       ||  1264
       Chain mail        |       |       |       |       |     5 |       |       |       ||     5
       Gold dragon scale |       |       |       |       |       |   139 |    82 |       ||   221
       Shadow dragon sca |       |       |       |       |       |       |   302 |   267 ||   569
Dodge: Dodged            |    14 |    51 |    90 |   171 |   239 |   163 |   360 |   274 ||  1362
Block: Kite shield       |    28 |    81 |   178 |   510 |       |       |       |       ||   797
       Tower shield      |       |       |       |       |  1661 |  1498 |  2378 |  1345 ||  6882
       Rpst.: Long sword |     2 |    10 |    24 |    45 |     2 |     1 |     2 |       ||    86
       Scimitar          |       |       |       |       |    49 |    15 |       |       ||    64
       Double sword      |       |       |       |       |       |     3 |       |     6 ||     9
       Katana            |       |       |       |       |       |     8 |    42 |    42 ||    92
